 Dungeon Crawl Stone Soup version 0.25.0-3-gd7cc5688da (webtiles) character file.

Game seed: 717967617742941939

(classic levelgen) 562 EnegeticOcto the Ruffian (level 7, 0/58 (59) HPs)
             Began as a Ghoul Skald on June 15, 2020.
             Was a Priest of Jiyva.
             Slain by a yak (4 damage)
             ... on level 6 of the Dungeon.
             The game lasted 00:10:53 (5092 turns).

EnegeticOcto the Ruffian (Ghoul Skald)              Turns: 5092, Time: 00:10:54

HP:   0/58 (59)     AC: 11    Str: 15    XL:     7   Next: 31%
MP:   8/8           EV:  6    Int:  9    God:    Jiyva [***...]
Gold: 9             SH:  4    Dex:  9    Spells: 8/9 levels left

rFire    . . .     SeeInvis .     - Unarmed
rCold    + . .     Gourm    .   f - +0 buckler
rNeg     + + +     Faith    .   g - +0 chain mail
rPois    ∞         Spirit   .   (no helmet)
rElec    .         Reflect  .   d - +2 cloak
rCorr    +         Harm     .   (no gloves)
MR       .....                  (no boots)
Stlth    ..........             (no amulet)
HPRegen  0.00/turn              (no ring)
MPRegen  0.11/turn              (no ring)

@: about to teleport, rotting
A: rotting body, claws 1, carnivore, cold resistance 1, negative energy
resistance 3, inhibited regeneration, torment resistance, unbreathing
a: Request Jelly, Renounce Religion


You were on level 6 of the Dungeon.
You worshipped Jiyva.
Jiyva was most pleased with you.
You were not hungry.

You visited 1 branch of the dungeon, and saw 6 of its levels.

You collected 198 gold pieces.
You spent 189 gold pieces at shops.

Inventory:

Missiles
 a - 8 atropa-tipped darts
 c - 39 stones (quivered)
 k - 45 bolts
 m - 11 boomerangs
Armour
 d - a +2 cloak (worn)
 f - a +0 buckler (worn)
 g - a +0 chain mail (worn)
Scrolls
 q - 2 scrolls of fog {!r}
Potions
 h - a potion of magic {unknown}
 i - a potion of flight {unknown}
 j - a potion of brilliance
 n - a potion of degeneration {unknown}
 p - a potion of lignification {@q6}
Comestibles
 e - 12 rations
 l - 4 chunks of flesh


   Skills:
 - Level 4.0 Fighting
 - Level 0.8 Armour
 - Level 1.7 Dodging
 + Level 3.4 Shields
 + Level 6.4 Unarmed Combat
 - Level 1.7 Spellcasting
 - Level 2.6 Charms


You had 8 spell levels left.
You knew the following spells:

 Your Spells              Type           Power        Failure   Level  Hunger
a - Infusion              Chrm           #...         96%         1    ##.....

Your spell library contained the following spells:

 Spells                   Type           Power        Failure   Level  Hunger
 Song of Slaying          Chrm           #.......     99%         2    ###....
 Shroud of Golubria       Chrm/Tloc      #.....       100%        2    ###....
 Ozocubu's Armour         Chrm/Ice       #.......     100%        3    ####...
 Spectral Weapon          Hex/Chrm       #.......     100%        3    ####...


Dungeon Overview and Level Annotations

Branches:
Dungeon (6/15)
 Temple: D:4-7

Altars:
Dithmenos
Gozag
Okawaru
Qazlal
Sif Muna
Zin
Jiyva

Shops:
D:5 *

Annotations:
D:2 1 runed translucent door, Crazy Yiuf, Purgy


Innate Abilities, Weirdness & Mutations

Your body is rotting away.
You thrive on raw meat.
You are immune to poison.
You have sharp fingernails.
You are carnivorous and can eat meat at any time.
Your flesh is cold resistant. (rC+)
You are immune to negative energy. (rN+++)
You do not regenerate when monsters are visible.
You are immune to unholy pain and torment.
You can survive without breathing.


Message History

You hear a squelching noise.
You hear a distant slurping noise.
Jiyva appreciates your sacrifice.
You hear a distant slurping noise.
Jiyva appreciates your sacrifice.
You hear a distant slurping noise.
Jiyva appreciates your sacrifice.
HP restored.
You hear a distant slurping noise.
You hear a distant slurping noise. 3 yaks come into view.
The yak bellows! x3; You hear a bellow!
A yak comes into view.
A yak comes into view. x2
The yak bellows!
The yak gores you!
Something closely misses the yak.
You scratch the yak.
The yak is lightly wounded.
The yak gores you but does no damage. The yak closely misses you.
Something hits the yak.
The yak is splashed with acid.
You scratch the yak.
The yak is lightly wounded.
The yak gores you!
You claw the yak!
The yak is moderately wounded.
You block the yak's attack.
You swap places.
The jelly completely misses the yak.
You hear a distant slurping noise.
Jiyva appreciates your sacrifice.
You feel a little less hungry.
The yak gores the jelly!
The acid corrodes the yak!
The yak is burned by acid!
The jelly barely misses the yak.
You barely miss the yak.
The yak is lightly wounded.
You feel your flesh rotting away.
The jelly closely misses the yak.
You scratch the yak but do no damage.
The yak is lightly wounded.
The yak gores you.
The jelly hits the yak.
The yak is splashed with acid.
The yak seems to be corroded for longer.
The yak gores the jelly!
The yak is burned by acid!
You scratch the yak but do no damage.
The yak is moderately wounded.
The yak gores you!
You claw the yak!
The yak is heavily wounded.
The jelly hits the yak.
The yak is splashed with acid.
The yak seems to be corroded for longer.
The yak completely misses the jelly. x2
You scratch the yak.
The yak is almost dead.
The jelly hits the yak.
The yak is splashed with acid.
The yak seems to be corroded for longer.
The yak dies!
The jelly looks stronger.
You scratch the yak.
The yak is moderately wounded.
The jelly barely misses the yak.
The yak gores the jelly.
The acid corrodes the yak!
The yak is burned by acid!
The yak barely misses you.
You scratch the yak.
The yak is moderately wounded.
The jelly hits the yak.
The yak is splashed with acid.
The yak seems to be corroded for longer.
The yak gores the jelly.
The yak seems to be corroded for longer.
The yak is burned by acid!
The yak gores you.
You scratch the yak.
The yak is heavily wounded.
The yak barely misses the jelly.
The jelly hits the yak.
The yak is splashed with acid!
The yak seems to be corroded for longer.
The yak gores you.
Your chain mail prevents you from hitting the yak.
The yak is heavily wounded.
The jelly hits the yak.
The yak is splashed with acid.
The yak seems to be corroded for longer.
The yak gores the jelly.
The yak is burned by acid!
The yak gores you!
* * * LOW HITPOINT WARNING * * *
The jelly hits the yak.
The yak is splashed with acid.
The yak dies!
The jelly looks stronger.
The yak gores the jelly!
The yak is burned by acid!
You hear a slurping noise.
Jiyva appreciates your sacrifice.
You feel a little less hungry.
The jelly hits the yak but does no damage.
The jelly hits the yak.
The yak is splashed with acid.
You hear a distant slurping noise.
The yak gores you!
* * * LOW HITPOINT WARNING * * *
Okay, then.
You swap places.
There is a stone staircase leading up here.
You hear a distant slurping noise.
The yak bellows!
Really read
b - a scroll of teleportation {@r3 !r}?
As you read the scroll of teleportation {@r3 !r}, it crumbles to dust.
You feel strangely unstable. The yak gores you.
You die...

. .... ##. ....# ##..
..... #... ###
#...####... #.##
#...##.... ##.##
#.......# ##@####
##.......
#.Y..#####...Y....
#..#.Y..#....#####
#..##.Y.......##
#..#.....<.....##
####...............##
#....._.............<
###..................
#......⌠............


You could see 3 yaks.

Vanquished Creatures
  A phantom (D:4)
  A sky beast (D:5)
  A centaur skeleton (D:6)
  An orc wizard (D:4)
  An orc priest (D:5)
  A howler monkey skeleton (D:5)
  5 adders
  An ooze (D:2)
  2 worms
  2 leopard geckos
  13 orcs
  6 giant cockroaches
  6 goblins
  10 hobgoblins
  7 kobolds
  A quokka (D:2)
  10 bats
  3 frilled lizards
  A giant cockroach zombie (D:3)
  6 rats
  A plant (D:3)
80 creatures vanquished.

Vanquished Creatures (others)
  2 yaks (D:6)
  Edmund (D:4)
  2 ogres (D:5)
  A bullfrog zombie (D:5)
  11 jellies
  Ijyb (D:5)
  An orc wizard (D:4)
  2 worker ants
  A worker ant zombie (D:5)
  3 adders
  A shadow imp (D:5)
  A worm (D:4)
  4 orcs
  2 giant cockroaches (D:4)
  4 jackals (D:5)
  2 quokkas (D:5)
39 creatures vanquished.

Grand Total: 119 creatures vanquished

Notes
Turn   | Place    | Note
-------+----------+-------------------------------------------
     0 | D:1      | EnegeticOcto the Ghoul Skald began the quest for the Orb.
     0 | D:1      | Reached XP level 1. HP: 17/17 MP: 2/2
   203 | D:1      | Reached XP level 2. HP: 24/24 MP: 3/3
   239 | D:1      | Reached skill level 3 in Unarmed Combat
   951 | D:1      | Reached XP level 3. HP: 29/29 MP: 4/4
  1032 | D:2      | Reached skill level 4 in Unarmed Combat
  1295 | D:2      | Found a runed translucent door.
  1296 | D:2      | Noticed Crazy Yiuf
  1473 | D:2      | Reached XP level 4. HP: 36/36 MP: 5/5
  1749 | D:3      | Noticed Purgy
  2691 | D:3      | Found a faded altar of an unknown god.
  2933 | D:3      | Became a worshipper of Jiyva Juiwn the Shapeless
  2933 | D:3      | Reached * piety under Jiyva
  3035 | D:4      | Reached skill level 1 in Shields
  3035 | D:4      | Reached skill level 5 in Unarmed Combat
  3035 | D:4      | Reached XP level 5. HP: 40/44 MP: 6/6
  3047 | D:4      | Reached skill level 3 in Fighting
  3113 | D:4      | Noticed a phantom
  3139 | D:4      | Killed a phantom
  3139 | D:4      | Reached skill level 2 in Shields
  3139 | D:4      | Reached XP level 6. HP: 41/51 MP: 7/7
  3176 | D:4      | Reached ** piety under Jiyva
  3523 | D:4      | Found a stormy altar of Qazlal.
  3662 | D:5      | Entered Level 5 of the Dungeon
  3744 | D:5      | Noticed Edmund
  3805 | D:4      | Killed Edmund
  3914 | D:5      | Reached skill level 4 in Fighting
  4102 | D:5      | Reached *** piety under Jiyva
  4157 | D:5      | Found a glowing silver altar of Zin.
  4224 | D:5      | Found Hezuk's Assorted Antiques.
  4230 | D:5      | Bought 3 scrolls labeled BIYMUI ABBUHIR for 63 gold pieces
  4230 | D:5      | Bought a diamond ring for 105 gold pieces
  4230 | D:5      | Bought a scroll labeled ZEASSUE OSCHE for 21 gold pieces
  4240 | D:5      | Found a shadowy altar of Dithmenos.
  4262 | D:5      | Killed Ijyb
  4275 | D:5      | Found an opulent altar of Gozag.
  4395 | D:5      | Noticed a sky beast
  4413 | D:5      | Killed a sky beast
  4413 | D:5      | Reached skill level 6 in Unarmed Combat
  4611 | D:5      | Reached XP level 7. HP: 59/59 MP: 8/8
  4776 | D:6      | Found a shimmering blue altar of Sif Muna.
  4776 | D:6      | Found an iron altar of Okawaru.
  4895 | D:6      | Reached skill level 3 in Shields
  4961 | D:6      | Noticed a yak
  4961 | D:6      | Noticed a yak
  4961 | D:6      | Noticed a yak
  4961 | D:6      | Noticed a yak
  4962 | D:6      | Noticed a yak
  4962 | D:6      | Noticed a yak
  4989 | D:6      | Killed a yak
  4994 | D:6      | Killed a yak
  5092 | D:6      | Slain by a yak

Illustrated notes

Levels and vault maps discovered:
D:1:      dpeg_arrival_snail, layout_loops_ring, chequers_serial_rivers_small_a,
          grunt_decor_resistance, grunt_decor_cap
D:2:      layout_rooms, chequers_serial_rivers_marsh, minmay_distorted,
          uniq_crazy_yiuf_cottage
D:3:      layout_loops_cross, chequers_ecumenical_altar_lobes,
          chequers_serial_rivers_micro_b, uniq_purgy
D:4:      layout_loops_ring, first_ration, grunt_qazlal_clouds
D:5:      layout_loops_corners, nicolae_dithmenos_shadow_blocks,
          kennysheep_little_box, serial_shops, shop, minmay_misc_feat_hallway,
          nicolae_gozag_cash_rules_everything_around_me, uniq_ijyb, uniq_edmund
D:6:      layout_layer_cave, kennysheep_mini_moat, marbit_many_paths,
          lemuel_crystal_altar, lemuel_crystal_altar,
          grunt_temple_overflow_open, uniq_prince_ribbit1, uniq_menkaure

Skill      XL: |  1  2  3  4  5  6  7 |
---------------+----------------------+-----
Unarmed Combat | 3 4 5 6 |  6.4
Shields        | 1 2 3 |  3.4
Fighting       | 3 4 |  4.0
Armour         | |  0.8
Dodging        | |  1.7
Spellcasting   | |  1.7
Charms         | |  2.6

Action                   |  1- 3 |  4- 6 |  7- 9 || total
-------------------------+-------+-------+-------++-------
Melee: Unarmed           |   128 |   237 |    26 ||   391
       Punch             |     1 |       |       ||     1
Throw: Stone             |       |     8 |       ||     8
Invok: Request Jelly     |       |     6 |       ||     6
  Use: Scroll            |       |     8 |     2 ||    10
  Eat: Chunk             |     7 |    21 |       ||    28
Armor: Chain mail        |    73 |   119 |     6 ||   198
       Ring mail         |     1 |       |       ||     1
Dodge: Dodged            |    49 |    64 |     8 ||   121
Block: Buckler           |       |    26 |     1 ||    27
